 Dungeon Crawl Stone Soup version 0.30.0-19-g36f170ea60 (webtiles) character file.

Game seed: 10801604214565011757

5771 Joeren the Reanimator (level 10, -3/78 HPs)
             Began as a Grey Draconian Necromancer on May 28, 2023.
             Was an Initiate of Vehumet.
             Slain by a two-headed ogre
             ... wielding a +0 giant club
              (20 damage)
             ... on level 10 of the Dungeon.
             The game lasted 01:13:10 (11293 turns).

Joeren the Reanimator (Grey Draconian Necromancer) Turns: 11293, Time: 01:13:13

Health: -3/78      AC: 18    Str: 10    XL:     10   Next: 49%
Magic:  2/21       EV: 13    Int: 20    God:    Vehumet [......]
Gold:   518        SH:  0    Dex: 12    Spells: 1/24 levels left

rFire   . . .        a - +3 quarterstaff (pain)
rCold   . . .        (shield currently unavailable)
rNeg    . . .        (body armour unavailable)
rPois   .            (helmet restricted)
rElec   .            (no cloak)
rCorr   .            g - +0 pair of gloves
SInv    .            u - +0 pair of boots
Will    .....        (no amulet)
Stlth   ++           r - +4 ring of protection
HPRegen 0.33/turn    B - ring of flight
MPRegen 0.17/turn

%: no passive effects
@: animating dead, flying
A: AC +12, amphibious, unfitting armour, cold-blooded
a: Renounce Religion


You were on level 10 of the Dungeon.
You worshipped Vehumet.
Vehumet was noncommittal.
You visited 2 branches of the dungeon, and saw 12 of its levels.
You also visited: Ossuary.

You collected 518 gold pieces.

Inventory:

Hand Weapons
 a - a +3 quarterstaff of pain (weapon)
 b - a +1 whip of electrocution
 c - a +2 scimitar of flaming
 y - a +1 whip of venom
 F - a +1 falchion of holy wrath
Missiles
 h - 62 stones
 j - 2 boomerangs (quivered)
 q - 27 poisoned darts
 v - 4 throwing nets
 I - a curare-tipped dart
Armour
 g - a +0 pair of gloves (worn)
 u - a +0 pair of boots (worn)
 w - a +2 buckler
 x - an orb of guile
Magical Staves
 t - a staff of conjuration
Jewellery
 r - a +4 ring of protection (left hand)
 A - a +4 ring of protection
 B - a ring of flight (right hand)
Wands
 n - a wand of iceblast (7)
 C - a wand of flame (19)
 K - a wand of charming (10)
Scrolls
 e - 3 scrolls of teleportation
 k - a scroll of enchant armour
 m - 2 scrolls of fog
 o - 2 scrolls of fear
 p - 2 scrolls of enchant weapon
 E - a scroll of amnesia
Potions
 f - 3 potions of curing
 l - a potion of magic
 s - 3 potions of mutation
 D - a potion of resistance
 J - a potion of berserk rage


   Skills:
 - Level 4.0 Fighting
 + Level 4.6 Dodging
 - Level 2.0 Stealth
 * Level 7.5 Spellcasting
 + Level 9.8 Necromancy
 - Level 4.0 Translocations
 + Level 8.6 Earth Magic


You had one spell level left.
You knew the following spells:

 Your Spells              Type           Power      Damage    Failure   Level
a - Necrotise             Necr           100%       1d9       1%          1
b - Vampiric Draining     Necr           46%        2d9       1%          3
c - Blink                 Tloc           46%        N/A       2%          2
d - Animate Dead          Necr           46%        N/A       1%          4
e - Agony                 Necr           46%        N/A       4%          5
f - Stone Arrow           Conj/Erth      48%        3d10      4%          3
g - Borgnjor's Vile Clut  Necr/Erth      22%        N/A       5%          5

Your spell library contained the following spells:

 Spells                   Type           Power      Damage    Failure   Level
 Sandblast                Erth           84%        2d18      1%          1
 Passwall                 Tmut/Erth      20%        N/A       2%          2
 Portal Projectile        Hex/Tloc       30%        N/A       12%         3
 Static Discharge         Conj/Air       14%        2-3/arc   14%         2
 Manifold Assault         Tloc           23%        N/A       17%         4
 Death Channel            Necr           23%        N/A       24%         6
 Hailstorm                Conj/Ice       7%         3d4       26%         3
 Tukima's Dance           Hex            7%         N/A       26%         3
 Airstrike                Air            3%         2d(1-17)  65%         4
 Ice Form                 Ice/Tmut       7%         N/A       65%         4
 Summon Lightning Spire   Summ/Air       7%         N/A       65%         4
 Simulacrum               Ice/Necr       13%        N/A       88%         6
 Blade Hands              Tmut           3%         N/A       94%         5
 Storm Form               Tmut/Air       3%         N/A       100%        7


Dungeon Overview and Level Annotations

Branches:
Dungeon (11/15)            Temple (1/1) D:7         Ossuary (visited)
   Lair: D:8-11         Orc: D:9-12

Altars:
Makhleb
Nemelex Xobeh
Qazlal
Ru
Sif Muna
Trog
Vehumet
Xom
The Shining One

Annotations:
D:5 1 runed translucent door, Tinylith's ghost, amateur DsFi
D:9 Harold
D:11 Josephine


Innate Abilities, Weirdness & Mutations

Your dull iron-grey scales are very hard. (AC +12)
You are amphibious.
You cannot fit into any form of body armour.
You are cold-blooded and may be slowed by cold attacks.


Message History

Your butterfly dies!
Your butterfly disappears in a burst of colours!
Your butterfly is engulfed in calcifying dust.
Your butterfly stops moving altogether!
Your butterfly disappears in a burst of colours! x2
Your butterfly is engulfed in calcifying dust. x2
Your butterfly is moving more slowly.
Your butterfly is engulfed in calcifying dust.
The boulder beetle leaps!
Your butterfly is engulfed in calcifying dust.
Your butterfly is moving more slowly.
Casting: Agony (dangerous; 4% risk of failure)
Confirm with . or Enter, or press ? or * to list all spells.
Aiming: Stone Arrow (dangerous; 4% risk of failure)
Press: ? - help, Shift-Dir - straight line, f/p - catoblepas
Aim: a catoblepas (severely wounded, 100% to hit)
The stone arrow hits the catoblepas!
The catoblepas is severely wounded.
Your butterfly is engulfed in calcifying dust. x2
The two-headed ogre is engulfed in calcifying dust.
The two-headed ogre is moving more slowly.
The boulder beetle is engulfed in calcifying dust.
The boulder beetle is moving more slowly.
Your butterfly is engulfed in calcifying dust.
Casting: Stone Arrow (dangerous; 4% risk of failure)
Confirm with . or Enter, or press ? or * to list all spells.
Aiming: Stone Arrow (dangerous; 4% risk of failure)
Press: ? - help, Shift-Dir - straight line, f/p - catoblepas
Aim: a catoblepas (severely wounded, 100% to hit)
The stone arrow hits the catoblepas!!
You kill the catoblepas!
Vehumet accepts your kill.
The dead are walking!
Your butterfly is engulfed in calcifying dust. x2
Your butterfly stops moving altogether!
Your butterfly is engulfed in calcifying dust. x2
The two-headed ogre hits you with a +0 giant club!!
* * * LOW HITPOINT WARNING * * *
The two-headed ogre hits you with a +0 giant club!!
You die...

#########.#
#.<.....#.##
#÷!...>.#..#
#.......#..#######+####
#b..bbb.'......).).....
#.......#.)..........○.
##...bb.##§....)...###.
#..b.ObZ#.O......##
#..B.@..#.......##
##...bbb#......##
#...b..#.....##
#..b...#....Y#
#......#.....
#......#.....
#......#.....
########..... ......


You could see a boulder beetle (petrifying), a two-headed ogre (petrifying, ally
target) and a friendly catoblepas zombie.

Vanquished Creatures
  A catoblepas (D:10)
  A two-headed ogre (D:8)
  Maggie (D:8)
  A troll (D:7)
  A hornet (D:8)
  8 yaks
  A wraith (D:7)
  2 water moccasins
  An ice beast (D:7)
  3 sky beasts
  A black bear (D:5)
  An ogre (D:3)
  A centaur (D:5)
  A phantom (D:3)
  2 kobold brigands (D:8)
  3 bullfrogs
  3 gnoll sergeants
  2 elf zombies (Ossuary)
  6 scorpions
  5 wights (D:7)
  A killer bee (D:8)
  4 howler monkeys
  A jelly (D:5)
  3 hounds
  A gnoll bouda (D:4)
  2 iguanas
  5 orc wizards
  2 mummies (Ossuary)
  20 gnolls
  8 adders
  A shadow imp (D:8)
  A white imp (D:5)
  An ufetubus (D:5)
  An adder zombie (Ossuary)
  2 worms
  5 dart slugs
  18 orcs
  5 endoplasms
  8 giant cockroaches
  7 goblins
  8 hobgoblins
  2 jackals (D:5)
  17 kobolds
  7 quokkas
  3 ball pythons
  4 bats
  A frilled lizard (D:3)
  2 goblin zombies
  8 hobgoblin zombies
  A jackal zombie (Ossuary)
  3 kobold skeletons (D:8)
  9 kobold zombies
  An orc skeleton (D:8)
  14 orc zombies
  6 rats
227 creatures vanquished.

Vanquished Creatures (collateral kills)
  A gnoll sergeant (D:5)
  An adder (D:2)
  A goblin (D:3)
  A kobold (D:8)
  2 frilled lizards (D:1)
6 creatures vanquished.

Vanquished Creatures (others)
  An orc (D:9)
  4 gnoll zombies
  A dart slug zombie (D:5)
  A kobold zombie (D:8)
7 creatures vanquished.

Grand Total: 240 creatures vanquished

Notes
Turn   | Place    | Note
-------+----------+-------------------------------------------
     0 | D:1      | Joeren the Draconian Necromancer began the quest for the
                  | Orb.
     0 | D:1      | Reached XP level 1. HP: 14/14 MP: 3/3
   383 | D:1      | Reached XP level 2. HP: 20/20 MP: 0/5
   773 | D:1      | Found a faded altar of an unknown god.
  1368 | D:2      | Reached XP level 3. HP: 26/26 MP: 0/6
  1372 | D:2      | Learned a level 3 spell: Vampiric Draining
  1956 | D:2      | Reached XP level 4. HP: 33/33 MP: 3/8
  2518 | D:5      | Entered Level 5 of the Dungeon
  2561 | D:4      | Reached skill level 5 in Necromancy
  2567 | D:4      | Found a sand-covered staircase.
  2584 | Ossuary  | Entered an ossuary
  3018 | Ossuary  | Reached XP level 5. HP: 38/38 MP: 10/10
  3158 | Ossuary  | Reached XP level 6. HP: 30/45 MP: 12/12
  3347 | D:3      | Reached skill level 6 in Necromancy
  3350 | D:3      | Learned a level 2 spell: Blink
  3724 | D:3      | Reached skill level 1 in Translocations
  3866 | D:3      | Found a stormy altar of Qazlal.
  4442 | D:5      | Reached skill level 5 in Spellcasting
  4442 | D:5      | Your scales start taking on a dull iron-grey colour.
  4442 | D:5      | Reached XP level 7. HP: 38/50 MP: 7/14
  4621 | D:4      | Reached skill level 1 in Fighting
  5044 | D:5      | Found a bloodstained altar of Trog.
  5363 | D:5      | Reached XP level 8. HP: 54/61 MP: 5/16
  5695 | D:5      | Learned a level 4 spell: Animate Dead
  6074 | D:5      | Reached skill level 1 in Earth Magic
  6083 | D:5      | Found a burning altar of Makhleb.
  6186 | D:5      | Found a runed translucent door.
  6188 | D:5      | Noticed Tinylith's ghost (amateur DsFi)
  6412 | D:5      | Reached skill level 7 in Necromancy
  7461 | D:6      | Found a shimmering blue altar of Sif Muna.
  7644 | D:6      | Learned a level 5 spell: Agony
  7648 | D:6      | Learned a level 3 spell: Stone Arrow
  7948 | D:7      | Noticed a troll
  7956 | D:7      | Killed a troll
  7957 | D:7      | Reached XP level 9. HP: 64/68 MP: 1/18
  8150 | D:7      | Found a burning altar of Makhleb.
  8186 | D:7      | Reached skill level 5 in Earth Magic
  8207 | D:7      | Reached skill level 8 in Necromancy
  8230 | D:7      | Found a staircase to the Ecumenical Temple.
  8233 | Temple   | Entered the Ecumenical Temple
  8466 | D:7      | Found a sparkling altar of Nemelex Xobeh.
  9389 | D:9      | Noticed a two-headed ogre
  9396 | D:8      | Reached skill level 9 in Necromancy
  9694 | D:8      | Found a glowing golden altar of the Shining One.
 10088 | D:8      | Noticed Maggie
 10105 | D:8      | Killed Maggie
 10106 | D:8      | Reached XP level 10. HP: 43/78 MP: 5/19
 10634 | D:8      | Killed a two-headed ogre
 10847 | Temple   | Became a worshipper of Vehumet
 11047 | D:9      | Noticed Harold
 11065 | D:10     | Entered Level 10 of the Dungeon
 11211 | D:10     | Learned a level 5 spell: Borgnjor's Vile Clutch
 11227 | D:11     | Noticed Josephine
 11253 | D:10     | Noticed a boulder beetle
 11257 | D:10     | Noticed a two-headed ogre
 11264 | D:10     | Noticed a catoblepas
 11293 | D:10     | Killed a catoblepas
 11293 | D:10     | Slain by a two-headed ogre

Illustrated notes

Levels and vault maps discovered:
D:1:      dpeg_arrival_arbitrary_c, layout_basic, ebering_ecumenical_altar_box
D:2:      layout_loops_ring
D:3:      layout_basic, lemuel_doored_altar, corexii_item_surrounded_by_moat
D:4:      layout_basic, enter_ossuary_3, st_stairs_12
D:5:      kennysheep_spiral_hall, layout_basic, grunt_temple_overflow_open,
          gup_sewer_entry_bubbles, gammafunk_ghost_grave, nrook_mini_vaults
D:6:      layout_basic, lemuel_blue_sif_altar
D:7:      layout_cave_pods, minmay_temple_entry_poolview,
          hangedman_feature_mirror, kennysheep_cross_bottleneck
D:8:      layout_basic, nicolae_tso_besieged_by_evil, uniq_maggie
D:9:      layout_rooms, st_stairs_9, uniq_erolcha, uniq_harold
D:10:     minmay_roctagon, layout_irregular_city, due_lair_maze_entry_diamond,
          bh_hangedman_babel_library
D:11:     cheibrodos_shockbox, layout_loops_cross, zombieorc2_lemuel,
          hangedman_decor_riveting, uniq_grum, uniq_josephine
Temple:   minmay_crystal_spiral_temple

Skill      XL: |  1  2  3  4  5  6  7  8  9 10 |
---------------+-------------------------------+-----
Dodging        | 2 3 4 |  4.6
Stealth        | 2 |  2.0
Spellcasting   | 3 4 5 6 7 |  7.5
Necromancy     | 5 6 7 9 |  9.8
Translocations | 2 4 |  4.0
Fighting       | 2 4 |  4.0
Earth Magic    | 4 7 8 |  8.6

Action                     |  1- 3 |  4- 6 |  7- 9 | 10-12 || total
---------------------------+-------+-------+-------+-------++-------
  Melee: Dagger            |    41 |       |       |       ||    41
         Unarmed           |     4 |       |       |       ||     4
         Tailslap          |     6 |    23 |    21 |    11 ||    61
         Whip              |    14 |   159 |    46 |       ||   219
         Punch             |     1 |     1 |       |       ||     2
         Quarterstaff      |       |    10 |   170 |    38 ||   218
  Throw: Stone             |     1 |     1 |     5 |       ||     7
         Boomerang         |       |     4 |     1 |     1 ||     6
   Cast: Necrotise         |    49 |    60 |    90 |     4 ||   203
         Vampiric Draining |       |     7 |    39 |     2 ||    48
         Blink             |       |     1 |     8 |     5 ||    14
         Animate Dead      |       |       |     2 |     2 ||     4
         Stone Arrow       |       |       |    18 |    11 ||    29
         Agony             |       |       |       |     7 ||     7
         Borgnjor's Vile C |       |       |       |     2 ||     2
    Use: Scroll            |     2 |     4 |    14 |     1 ||    21
         Potion            |     2 |     1 |     4 |     4 ||    11
   Stab: Sleeping          |     1 |     1 |     3 |       ||     5
         Distracted        |     1 |       |       |       ||     1
         Invisible         |       |       |       |     3 ||     3
 Armour: Skin              |    15 |    65 |   185 |    31 ||   296
  Dodge: Dodged            |    44 |   120 |   245 |    54 ||   463
